AoeStats
← EoK_André Matias

Arabia

509543055Analyzed
1v1 RM · 5d ago on Sep 27, 2026· 31m 59s· 2 players
Game mode
Random Map
Map size
Tiny (2 player)
Population
200
Speed
Normal
Resources
Standard
Victory
Conquest
Starting age
Dark Age
Ending age
Imperial Age
RankedLock teamsTeams togetherTeam positionsShared explorationLock speedFull tech treeHidden civsTurbo modeCheats
Victory
Defeat
🇨🇳 Saxons · China
1266
+17
🇧🇷 Romans · Brazil
1281
-17
码农威廉
8:54 Loom
11:08 Feudal Age
11:12 Man-at-Arms
11:43 Double-Bit Axe
16:47 Fletching
18:37 Gold Mining
20:13 Arson
23:19 Castle Age
22:22 Padded Archer Armor
23:43 Stone Mining
25:44 Bodkin Arrow
29:42 Bow Saw
29:14 Horse Collar
30:13 Crossbowman
EoK_André Matias
7:45 Loom
9:42 Feudal Age
12:05 Scale Mail Armor
19:59 Fletching
27:16 Man-at-Arms
33:47 Castle Age
Connection lost

Rejoining the realm…

Still unreachable

The connection could not be restored.

Session expired

The server has moved on; the page needs a fresh start.